Map: [ESL] Site Delta

Players

Cham

  • Race: Zerg Zerg
  • Spawn Location: 5:00

Kelazhur - Winner!

  • Race: Terran Terran
  • Spawn Location: 11:00

Event: ESL SC2 Masters 2023 Winter (Regional)

VOD

Have the link to the VOD?

Description

Time

  • Played on: Nov. 18, 2023, 12:18 p.m.
  • Length: 9:33

All games in this series

Show
View Real Time Build Order
Export as new Build Order

Cham Zerg 

Build Orders: Hatch First 

Get SALT Encoding   

  12  0:00  Drone  
  13  0:12  Overlord  
  13  0:16  Drone  
  14  0:30  Drone x2  
  16  0:49  Hatchery  
  15  0:51  Drone  
  15  0:54  Drone  
  17  0:58  Drone  
  18  1:11  Spawning Pool  
  18  1:13  Extractor  
  18  1:15  Drone  
  17  1:18  Drone  
  18  1:28  Drone  
  19  1:39  Drone  
  20  1:49  Drone  
  21  2:00  Queen  
  21  2:01  Queen  
  23  2:02  Zergling x4  
  27  2:12  Overlord  
  27  2:15  Metabolic Boost  
  27  2:25  Hatchery  
  26  2:31  Drone x2  
  27  2:43  Queen  
  28  2:48  Queen  
  30  2:52  Drone  
  30  2:54  Drone  
  30  2:57  Drone  
  33  3:02  Overlord  
  33  3:07  Drone  
  33  3:08  Drone  
  35  3:16  Overlord  
  35  3:21  Zergling x6  
  35  3:22  Zergling x2  
  35  3:27  Zergling x2  
  40  3:30  Zergling x2  
  41  3:36  Zergling x2  
  42  3:44  Zergling x2  
  43  3:49  Zergling x4  
  43  3:50  Hatchery  
  44  3:56  Drone  
  44  3:57  Drone x3  
  44  4:00  Drone x2  
  44  4:01  Overlord  
  50  4:06  Drone  
  49  4:20  Drone  
  49  4:21  Drone x2  
  49  4:23  Lair  
  51  4:25  Drone, Evolution Chamber  
  51  4:27  Evolution Chamber  
  51  4:28  Drone x2  
  51  4:29  Drone  
  53  4:32  Spore Crawler  
  53  4:33  Extractor  
  53  4:37  Drone x2, Roach Warren  
  52  4:43  Drone  
  52  4:45  Drone  
  54  4:55  Extractor, Drone  
  54  4:56  Drone x3, Extractor  
  56  5:02  Drone x2  
  56  5:03  Overlord  
  56  5:04  Drone, Overlord  
  58  5:12  Overlord  
  58  5:15  Overlord  
  60  5:21  Roach x2  
  60  5:23  Roach  
  64  5:29  Glial Reconstitution, Roach x4  
  64  5:31  Roach  
  74  5:36  Roach  
  74  5:38  Roach x2  
  80  5:44  Roach x2  
  80  5:45  Roach  
  80  5:49  Roach  
  88  5:51  Overlord  
  88  6:08  Roach x4  
  94  6:11  Overlord  
  94  6:21  Zergling x8  
  94  6:22  Ravager x2  
  94  6:24  Ravager  
  94  6:25  Ravager x2  
  103  6:28  Overseer  
  101  6:35  Roach x3  
  106  6:41  Roach x2  
  106  6:42  Zergling x2  
  106  6:46  Drone x3  
  113  6:52  Overlord  
  113  7:05  Drone x2  
  113  7:06  Overlord  
  113  7:08  Zerg Missile Weapons Level 1, Zerg Ground Armor Level 1  
  113  7:10  Drone  
  113  7:12  Overlord  
  113  7:14  Drone  
  113  7:15  Drone x2  
  117  7:16  Drone  
  117  7:18  Drone  
  117  7:20  Drone  
  117  7:21  Drone  
  121  7:31  Infestation Pit  
  121  7:32  Baneling Nest  
  121  7:35  Overlord  
  121  7:36  Drone x4  
  123  7:48  Drone  
  123  7:49  Drone x3  
  126  7:55  Hatchery  
  119  7:59  Queen  
  119  8:04  Drone x5  
  119  8:09  Extractor x2  
  119  8:11  Overlord  
  117  8:17  Centrifugal Hooks  
  117  8:18  Overlord x2  
  117  8:24  Overlord  
  117  8:31  Overlord x2  
  117  8:34  Overlord x2  
  117  8:37  Drone  
  117  8:38  Drone x2  
  117  8:39  Drone x2  
  117  8:40  Drone x2  
  124  8:46  Zergling x10  
  129  8:49  Baneling x3  
  129  8:52  Zergling x6  
  129  8:55  Zergling x4  
  133  8:59  Ravager x2  
  129  9:07  Zergling x6  
  128  9:16  Zergling x10  
  131  9:22  Hatchery  
Show
View Real Time Build Order
Export as new Build Order

Kelazhur Terran - Winner!

Build Orders:  

Get SALT Encoding   

  12  0:00  SCV  
  13  0:12  SCV  
  14  0:18  Supply Depot  
  14  0:24  SCV  
  15  0:40  SCV  
  15  0:41  Barracks  
  16  0:44  Refinery  
  16  0:52  SCV  
  17  1:00  Barracks  
  17  1:04  SCV  
  18  1:16  SCV  
  19  1:28  Orbital Command, Reaper  
  19  1:31  Supply Depot  
  20  1:47  Reaper  
  21  1:54  SCV  
  22  2:04  Reaper  
  22  2:07  SCV  
  24  2:10  Command Center  
  24  2:19  SCV, Refinery  
  24  2:21  Reaper  
  26  2:31  SCV  
  27  2:43  SCV  
  28  2:50  Supply Depot  
  28  2:55  SCV, Marine  
  28  2:57  Factory  
  31  3:07  SCV  
  31  3:11  Barracks Reactor  
  31  3:18  Barracks Tech Lab  
  31  3:19  SCV  
  32  3:24  Orbital Command  
  32  3:31  SCV  
  33  3:37  Marine  
  34  3:42  Command Center, Factory Reactor  
  34  3:43  SCV  
  34  3:45  Starport  
  35  3:50  Marine x2, SCV  
  35  3:54  Marine  
  39  3:55  SCV  
  39  3:58  Stimpack  
  39  4:02  SCV  
  41  4:08  SCV  
  41  4:17  Marine x2  
  41  4:21  Hellion x2, SCV  
  41  4:22  Liberator  
  41  4:23  Marine, SCV  
  50  4:27  Supply Depot  
  50  4:33  SCV  
  50  4:35  Marine x2  
  50  4:37  SCV  
  54  4:48  Hellion x2, SCV, Marine  
  54  4:49  Supply Depot, SCV  
  61  4:53  Marine  
  61  4:55  Orbital Command  
  61  4:59  Marine, Refinery  
  63  5:00  SCV  
  63  5:02  SCV  
  63  5:06  Marine  
  66  5:11  Marine  
  66  5:12  SCV  
  66  5:13  Barracks  
  68  5:16  Engineering Bay x2  
  68  5:17  Factory Tech Lab  
  68  5:19  Medivac  
  68  5:20  Medivac  
  72  5:23  SCV  
  72  5:25  Marine  
  72  5:26  Marine  
  72  5:27  SCV  
  76  5:37  Combat Shield, Marine  
  76  5:38  Orbital Command, Supply Depot, Refinery  
  76  5:39  SCV  
  76  5:42  SCV  
  79  5:43  Siege Tank, Marine  
  79  5:47  Marine  
  84  5:51  SCV  
  85  6:00  SCV  
  85  6:01  Terran Infantry Weapons Level 1, Terran Infantry Armor Level 1  
  85  6:02  Supply Depot  
  85  6:03  Marine, SCV  
  85  6:04  Marine  
  89  6:09  Barracks  
  89  6:10  Barracks  
  89  6:11  Starport Reactor, SCV  
  89  6:12  SCV  
  89  6:15  SCV  
  92  6:21  Marine  
  92  6:23  Marine  
  92  6:24  Siege Tank, SCV x2  
  99  6:27  SCV  
  99  6:30  Supply Depot  
  99  6:31  Supply Depot  
  99  6:32  Marine  
  100  6:33  Marauder  
  100  6:37  SCV  
  101  6:42  SCV  
  101  6:45  Marine, Supply Depot  
  101  6:51  Medivac x2, Marine x3  
  108  6:55  Supply Depot  
  108  6:57  SCV  
  107  7:01  Supply Depot, Marine  
  107  7:03  Marine  
  107  7:07  Supply Depot, SCV  
  109  7:13  Siege Tank  
  109  7:14  Marine  
  109  7:15  SCV  
  114  7:22  Marine  
  115  7:24  Armory  
  115  7:27  Marauder, Marine  
  118  7:30  Supply Depot  
  118  7:35  Medivac x2  
  118  7:36  Marine  
  123  7:44  SCV  
  123  7:45  Siege Tank  
  127  7:53  Marine x3  
  127  7:54  SCV  
  131  8:01  Orbital Command, SCV  
  131  8:05  Marine x2  
  127  8:06  SCV  
  127  8:07  Barracks Reactor x2  
  127  8:11  Marine  
  131  8:14  Medivac, SCV  
  131  8:15  Medivac  
  131  8:17  Marine  
  131  8:18  Supply Depot, SCV  
  138  8:20  Marine  
  138  8:26  SCV  
  138  8:27  Marine, SCV  
  141  8:30  SCV  
  141  8:31  Marine  
  144  8:35  Supply Depot x2  
  144  8:38  SCV  
  144  8:39  Marine  
  146  8:42  Siege Tank  
  146  8:43  Marine  
  146  8:48  Marine x5  
  151  8:54  Marine  
  151  8:55  Marine  
  157  8:57  Marine  
  157  9:00  Marine  
  157  9:01  Medivac  
  158  9:06  Marine x2  
  158  9:08  Marine x3  
  160  9:12  Marine x2, Supply Depot  
  160  9:15  Marine  
  157  9:27  Refinery  
  157  9:28  Command Center  
Tags
 
Add a new tag
Caveats
  • Supply blocks, unpowered buildings, or Contaminate may cause inaccurate times.
  • Supply counts are checked every 10 seconds.